 Dungeon Crawl Stone Soup version 0.31-a0-1099-g7fa767f3fe (webtiles) character file.

Game seed: 4569652824263088880

1444698 grothendieck the Slayer (level 25, 254/255 HPs)
             Began as a Minotaur Cinder Acolyte on Nov 28, 2023.
             Was an Elder of Ignis.
             Escaped with the Orb
             ... and 3 runes on Dec 1, 2023!
             The game lasted 07:22:09 (93373 turns).

grothendieck the Slayer (Minotaur Cinder Acolyte)  Turns: 93373, Time: 07:22:09

Health: 254/255    AC: 45    Str: 35    XL:     25   Next: 97%
Magic:  23/23      EV: 14    Int: 15    God:    Ignis [****..]
Gold:   3732       SH: 35    Dex: 11    Spells: 18/26 levels left

rFire   + + +        a - +8 eveningstar of the Tiger {vamp, rN++ Will+++ Str+3}
rCold   + + .        L - +4 tower shield of the Equator {rElec SInv}
rNeg    + + +        x - +7 gold dragon scales
rPois   +            c - +0 hat of Gravity {Str+4}
rElec   +            h - scarf {repulsion}
rCorr   .            H - +1 pair of gloves
SInv    +            o - +2 pair of boots {Fly}
Will    +++++        X - amulet of reflection Stlth
                     q - ring "Qudaefoy" {rF++ rN+ AC+4}
HPRegen 0.62/turn    Z - ring "Acvani" {rElec rC+ Will+ Str+6}
MPRegen 0.18/turn

%: random rage (3%), repel missiles, reflection
@: flying
A: horns 2, retaliatory headbutt, iridescent scales 1, large bone plates 1,
berserk 1, clever 1, clumsy 1, strong-willed 1, screaming 1, subdued magic 1,
inability to drink after injury 1, inability to read after injury 1
0: Orb of Zot
}: 3/15 runes: decaying, serpentine, silver
a: Renounce Religion, Fiery Armour, Foxfire Swarm, Rising Flame


You escaped.
You worshipped Ignis.
Ignis was greatly pleased with you.
You visited 10 branches of the dungeon, and saw 48 of its levels.
You visited 1 bazaar.
You also visited: Trove, Bailey and Ice Cave.

You collected 8538 gold pieces.
You spent 4806 gold pieces at shops.

Inventory:

Hand Weapons
 a - the +8 eveningstar of the Tiger (weapon) {vamp, rN++ Will+++ Str+3}
   (You found it on level 2 of the Lair of Beasts)

   Str+3:     It affects your strength (+3).
   rN++:      It greatly protects you from negative energy.
   Will+++:   It greatly increases your willpower.
 b - a +9 spectral broad axe
Missiles
 D - 14 curare-tipped darts {!f}
 I - a throwing net {!f}
 K - 16 javelins (quivered)
Armour
 c - the +0 hat of Gravity (worn) {Str+4}
   (You acquired it on level 4 of the Dungeon)

   Str+4:     It affects your strength (+4).
 h - a scarf of repulsion (worn)
 o - a +2 pair of boots of flying (worn)
 x - +7 gold dragon scales (worn)
 H - a +1 pair of gloves (worn)
 L - the +4 tower shield of the Equator (worn) {rElec SInv}
   (You found it in a treasure trove)

   rElec:     It insulates you from electricity.
   SInv:      It lets you see invisible.
Jewellery
 q - the ring "Qudaefoy" (left hand) {rF++ rN+ AC+4}
   (You took it off a yaktaur on level 5 of the Vaults)

   [ring of protection]

   AC+4:      It affects your AC (+4).
   rF++:      It greatly protects you from fire.
   rN+:       It protects you from negative energy.
 G - a ring of resist corrosion
 X - an amulet of reflection (around neck)
 Z - the ring "Acvani" (right hand) {rElec rC+ Will+ Str+6}
   (You took it off a vault guard on level 5 of the Vaults)

   [ring of strength]

   Str+6:     It affects your strength (+6).
   rC+:       It protects you from cold.
   rElec:     It insulates you from electricity.
   Will+:     It increases your willpower.
Wands
 f - a wand of polymorph (4)
 i - a wand of digging (27)
 t - a wand of paralysis (57)
 z - a wand of iceblast (17)
 B - a wand of acid (44)
Scrolls
 e - 3 scrolls of silence
 g - a scroll of revelation {magic mapping}
 j - 7 scrolls of immolation {!r}
 w - 5 scrolls of blinking
 N - 28 scrolls of teleportation
 T - 6 scrolls of vulnerability {!r}
 U - 3 scrolls of fear
 W - 15 scrolls of fog
Potions
 n - 4 potions of ambrosia
 r - 9 potions of brilliance
 u - 3 potions of berserk rage
 v - 4 potions of cancellation
 A - 27 potions of curing
 C - 6 potions of attraction {!q}
 F - 4 potions of heal wounds
 M - 7 potions of invisibility
 O - 2 potions of haste
 P - 7 potions of magic
 R - 7 potions of might
 S - 3 potions of resistance
Miscellaneous
 k - a box of beasts
 m - a lightning rod (4/4)
 p - a phantom mirror
 s - a phial of floods


   Skills:
 + Level 26.8 Fighting
 - Level 18.0(19.1) Axes
 - Level 11.3(16.0) Maces & Flails
 - Level 10.0 Throwing
 + Level 25.0 Armour
 + Level 19.2 Dodging
 + Level 22.9 Shields
 - Level 1.0 Spellcasting
 * Level 7.2 Translocations
 - Level 2.1 Fire Magic
 * Level 9.8 Air Magic
 - Level 16.0 Evocations


You had 18 spell levels left.
You knew the following spells:

 Your Spells              Type           Power      Damage    Failure   Level
a - Apportation           Tloc           34%        N/A       6%          1
l - Lesser Beckoning      Tloc           34%        N/A       10%         2
s - Swiftness             Air            23%        N/A       7%          3
w - Passwall              Tmut/Erth      0%         N/A       90%         2

Your spell library contained the following spells:

 Spells                   Type           Power      Damage    Failure   Level
 Gell's Gravitas          Tloc           17%        N/A       19%         3
 Teleport Other           Tloc           17%        N/A       19%         3
 Airstrike                Air            11%        2d(2-18)  22%         4
 Static Discharge         Conj/Air       22%        3-4/arc   26%         2
 Momentum Strike          Conj/Tloc      16%        3d8       41%         2
 Cigotuvi's Dreadful Rot  Necr/Pois/Air  16%        N/A       47%         2
 Volatile Blastmotes      Fire/Tloc      22%        2d11      50%         3
 Scorch                   Fire           10%        2d5       63%         2
 Mephitic Cloud           Conj/Pois/Air  8%         N/A       71%         3
 Magic Dart               Conj           0%         1d3       80%         1
 Summon Small Mammal      Summ           0%         N/A       80%         1
 Summon Lightning Spire   Summ/Air       11%        N/A       88%         4
 Call Imp                 Summ           0%         N/A       90%         2
 Ensorcelled Hibernation  Hex/Ice        0%         N/A       90%         2
 Jinxbite                 Hex            0%         N/A       90%         2
 Searing Ray              Conj           0%         2d4       90%         2
 Inner Flame              Hex/Fire       3%         N/A       95%         3
 Ignite Poison            Fire/Tmut/Pois 2%         N/A       97%         3
 Iskenderun's Mystic Bla  Conj/Tloc      8%         2d4       97%         4
 Call Canine Familiar     Summ           0%         N/A       99%         3
 Dazzling Flash           Conj/Hex       0%         N/A       99%         3
 Ozocubu's Armour         Ice            0%         N/A       99%         3
 Summon Guardian Golem    Hex/Summ       0%         N/A       99%         3
 Anguish                  Hex/Necr       0%         N/A       100%        4
 Animate Dead             Necr           0%         N/A       100%        4
 Cause Fear               Hex            0%         N/A       100%        4
 Dispel Undead            Necr           0%         3d6       100%        4
 Flame Wave               Conj/Fire      3%         2d5       100%        4
 Fulminant Prism          Conj/Hex       0%         3d5       100%        4
 Leda's Liquefaction      Hex/Erth       0%         N/A       100%        4
 Sticky Flame             Conj/Fire      3%         2d3       100%        4
 Alistair's Intoxication  Tmut/Pois      0%         N/A       100%        5
 Borgnjor's Vile Clutch   Necr/Erth      0%         N/A       100%        5
 Lee's Rapid Deconstruct  Erth           0%         3d4*      100%        5
 Metabolic Englaciation   Hex/Ice        0%         N/A       100%        5
 Yara's Violent Unravell  Hex/Tmut       0%         3d3       100%        5
 Bombard                  Conj/Erth      0%         9d1       100%        6
 Death Channel            Necr           0%         N/A       100%        6
 Simulacrum               Ice/Necr       0%         N/A       100%        6
 Enfeeble                 Hex            0%         N/A       100%        7
 Malign Gateway           Summ/Tloc      4%         N/A       100%        7
 Ozocubu's Refrigeration  Ice            0%         4d7       100%        7
 Ignition                 Fire           2%         3d3       100%        8


Dungeon Overview and Level Annotations

Branches:
Dungeon (15/15)            Temple (1/1) D:6            Lair (5/5) D:11
  Swamp (4/4) Lair:3        Snake (4/4) Lair:3        Slime (0/5) Lair:4
    Orc (2/2) D:10            Elf (3/3) Orc:2        Vaults (5/5) D:14
  Crypt (0/3) Vaults:2     Depths (4/4) D:15            Zot (5/5) Depths:4
 Bailey (visited)           IceCv (visited)

Altars:
Ashenzari
Cheibriados
Dithmenos
Elyvilon
Fedhas
Gozag
Hepliaklqana
Kikubaaqudgha
Makhleb
Nemelex Xobeh
Okawaru
Qazlal
Ru
Sif Muna
Trog
Uskayaw
Vehumet
Wu Jian
Xom
Yredelemnul
Zin
The Shining One
Jiyva
Lugonu

Shops:
D:1 *   D:7 !   D:8 *   Orc:1 (   Orc:2 (([=   Elf:2 [   Elf:3 *   Vaults:3 ?
Depths:2 [[(   Depths:3 :   Depths:4 ?[:(=

Portals:
Hell: Depths:1 Depths:2 Depths:3 Depths:4
Abyss: Lair:5 Depths:1 Depths:2 Depths:3
Pandemonium: Depths:2
Ziggurat: Depths:1

Annotations:
Vaults:1 1 runed translucent door, exclusion: door
Depths:4 exclusion: upstairs
Zot:4 2 transporters, exclusion: downstairs, Uqizxu's ghost, master OgFi


Innate Abilities, Weirdness & Mutations

You have a pair of horns on your head.
You reflexively headbutt those who attack you in melee.
You are partially covered in iridescent scales. (AC +2)
You are partially covered in large bone plates. (SH +4)
You sometimes lose your temper in combat.
Your mind is acute. (Int +4, Str/Dex -1)
You are clumsy. (Dex -2)
You are strong-willed. (Will+)
You occasionally shout uncontrollably at your foes.
Your spells are a little easier to cast, but a little less powerful.
You occasionally lose the ability to drink potions when taking damage.
You occasionally lose the ability to read scrolls when taking damage.


Message History

There is a stone staircase leading down, spattered with blood here.
Items here: ))) [[.
There is a stone staircase leading up here.
You fly upwards.
There is a stone staircase leading down here.
There is an open door here.
You see here a +0 club.
A blizzard demon comes into view.
There is an open door here.
The blizzard demon shouts!
The blizzard demon gestures at you.
The blizzard demon waves its arms in wide circles.
The air twists around and strikes you.
There is a stone staircase leading up here.
You fly upwards.
There is a stone staircase leading down here.
What level of the Dungeon? (default 1, ? - help)
A hellwing comes into view.
A large abomination comes into view.
The large abomination moves out of view.
There is an empty arch of ancient stone here.
A blizzard demon comes into view.
You yell at the blizzard demon!
The blizzard demon waves its arms in wide circles.
The air twists around and strikes you.
There is a staircase leading out of the dungeon here.
As you read the scroll of butterflies, it crumbles to dust.
You hear the flapping of tiny wings.
As you read the scroll of butterflies, it crumbles to dust.
You hear the flapping of tiny wings.
Your butterfly is knocked back by the sudden gust. x17
The blizzard demon hits your butterfly.
Your butterfly dies!
Your butterfly disappears in a burst of colours!
The large abomination hits your butterfly!!!
Your butterfly dies!
Your butterfly disappears in a burst of colours!
The blizzard demon waves its arms in wide circles.
The air twists around and strikes you.
You have escaped!

...P.P######.#♣......⌠.....####..
..##### #.#..♣...........# ##.
..# #.#...b.bb.....### #.P ..###
###...b.b.b....∩.###)♣
..'.##########.bb..bb2....####...
..#...#.....##♣bbbbbbb.....##..+P
#####.'.....##.bbbbbb♣.....##.##.
#######.....##.b.bbb.bb....##.##.
....#.......###.@bb4b.X....##....
..#...#......###bbb.bb.....∩..###
.....###..##.#.##.bbbb.♣...##.# #
.###.####..#.#.##bb.bb....###.###
.###...........####♣♣########.##.
.#.'........#..#######...........
.#.#........'...........#####.##.
∩...........#..##...#.### #.##.
##.########.#..#..###.# #..+.


You could see a blizzard demon (ally target), a large abomination and a hellwing
(ally target).

Vanquished Creatures
  A dread lich (Zot:5)
  10 orbs of fire
  An ancient lich (Vaults:5)
  A juggernaut (Depths:4)
  5 Killer Klowns
  Bai Suzhen (Snake:3)
  5 curse toes
  19 golden dragons
  Nikola (Swamp:3)
  Norris (Depths:1)
  Zenata (Orc:2)
  2 doom hounds
  Jorgrun (Swamp:2)
  2 electric golems (Zot:5)
  26 Orb Guardians
  Grunn (Depths:4)
  9 quicksilver dragons
  6 titans
  3 deep elf blademasters
  6 liches
  20 tentacled monstrosities
  2 deep elf master archers (Elf:3)
  3 sphinxes
  Frances (Swamp:1)
  11 death cobs
  16 shadow dragons
  An ancient champion (Vaults:2)
  6 nagarajas
  13 storm dragons
  Roxanne (Swamp:2)
  8 tengu reavers
  5 draconian monks
  8 fire giants
  A fenstrider witch (Swamp:1)
  7 frost giants
  6 deep elf sorcerers
  10 draconian scorchers
  2 balrugs
  11 draconian knights
  8 draconian shifters
  23 vault wardens
  Louise (Elf:2)
  13 ironbound preservers
  3 draconian stormcallers
  2 ghost moths (Zot:4)
  5 deep elf elementalists (Elf:3)
  2 orc warlords
  3 draconian annihilators
  A war gargoyle (Vaults:5)
  2 formless jellyfish
  15 stone giants
  14 very ugly things
  A reaper (Vaults:2)
  A spriggan defender (Depths:3)
  7 eleionomae
  9 ironbound thunderhulks
  2 vampire knights (Depths:4)
  A lorocyproca (Depths:3)
  12 yellow draconians
  8 deep elf demonologists
  9 deep elf annihilators
  18 green draconians
  8 purple draconians
  13 black draconians
  11 white draconians
  7 red draconians
  10 dire elephants
  6 spark wasps
  4 bunyips
  2 crystal guardians (Vaults:1)
  4 deep elf death magi (Elf:3)
  A merfolk javelineer (Depths:2)
  14 ettins
  Josephine (Lair:4)
  10 fire dragons
  5 deep elf high priests
  3 entropy weavers
  A merfolk impaler (Depths:1)
  15 yaktaur captains
  2 shambling mangroves
  7 ice dragons
  40 vault guards
  2 caustic shrike simulacra (IceCv)
  8 great orbs of eyes
  3 catoblepae
  2 peacekeepers
  23 hydras
  A rakshasa (Depths:1)
  4 salamander tyrants (Snake:4)
  3 ghost crabs (Swamp:4)
  8 anacondas
  8 alligators
  11 ironbound frosthearts
  An ogre mage (Vaults:5)
  2 spriggan air magi (Depths:3)
  8 centaur warriors
  A death knight (D:13)
  2 boulder beetles
  21 dancing weapons
  8 naga warriors
  7 two-headed ogres
  The ghost of kskgo the Nimble, a journeyman DjFE of Qazlal (D:11)
  The ghost of kskgo the Thaumaturge, a journeyman DjFE of Qazlal (D:9)
  The ghost of kskgo the Nimble, a journeyman DjFE of Qazlal (D:8)
  5 deep troll shamans
  3 death yaks
  6 tengu warriors
  2 thrashing horrors (Lair:5)
  A sphinx skeleton (Vaults:1)
  5 orc high priests
  3 occultists
  A vampire mage (Vaults:2)
  20 naga sharpshooters
  7 deep troll earth magi
  4 spriggan berserkers
  2 soul eaters
  8 shock serpents
  A sun demon (Depths:2)
  4 hell knights
  2 iron trolls
  19 deep elf knights
  4 skysharks
  A shadow wraith (Vaults:5)
  2 salamander mystics
  7 goliath frogs
  4 glowing orange brains
  3 sea snakes (Snake:3)
  5 spriggan druids
  6 arcanists
  13 deep elf archers
  The ghost of MainBain the Chiller, a novice HuIE of Sif Muna (D:6)
  39 deep trolls
  7 swamp dragons
  An obsidian statue (D:12)
  An orange crystal statue (IceCv)
  2 bog bodies
  A harpy (shapeshifter) (Depths:1)
  4 lindwurms
  3 phantasmal warriors (Vaults:5)
  9 mana vipers
  2 shadow dragon zombies (Depths:3)
  2 naga ritualists
  36 deep elf pyromancers
  26 deep elf zephyrmancers
  6 necromancers
  3 harpies (D:14)
  8 orc knights
  30 ugly things
  16 ironbound convokers
  36 moths of wrath
  11 salamanders
  6 orc sorcerers
  2 tengu skeletons
  9 large abominations
  5 oklob plants (Lair:2)
  3 manticores
  3 cyclopes
  A frost giant zombie (Depths:3)
  2 will-o-the-wisps (Swamp:2)
  12 elephants
  12 naga magi
  24 black mambas
  2 wolf spiders
  2 rust devils (D:9)
  2 ice statues (Snake:1)
  2 torpor snails
  A guardian serpent (Snake:4)
  2 smoke demons
  6 cane toads
  17 vault sentinels
  4 gargoyles
  A yaktaur zombie (Vaults:2)
  A human zombie (Vaults:2)
  2 unseen horrors
  Maggie (Lair:2)
  2 kobold blastminers (Orc:1)
  13 rime drakes
  4 freezing wraiths
  A rime drake (shapeshifter) (Vaults:5)
  9 komodo dragons
  42 yaktaurs
  4 tengu conjurers
  An anaconda simulacrum (IceCv)
  3 red devils (D:11)
  6 trolls
  3 human skeletons (Vaults:1)
  10 tyrant leeches
  A merfolk (shapeshifter) (Depths:4)
  A meliai (shapeshifter) (D:15)
  A queen bee (shapeshifter) (D:14)
  3 meliai (D:15)
  28 hornets
  The ghost of temitten the Changeling, an amateur MfSh (D:6)
  3 glass eyes (Depths:4)
  3 ettin zombies
  The ghost of Descartes the Nimble, a novice FeSh (D:5)
  2 raiju (Lair:5)
  17 blink frogs
  Grinder (D:6)
  9 air elementals
  51 slime creatures
  A culicivora (shapeshifter) (Elf:2)
  An ettin skeleton (Depths:1)
  15 water elementals
  10 wraiths
  28 spriggans
  The ghost of hitsuchi the Gusty, an amateur TeAE of Vehumet (D:4)
  3 ynoxinuls (Lair:5)
  63 yaks
  A fire elemental (Elf:3)
  A human (D:9)
  9 wyverns
  2 shadows (D:9)
  7 basilisks
  14 vampire mosquitoes
  4 redbacks
  4 chaos spawn
  2 steam dragons
  2 harpy simulacra (IceCv)
  47 nagas
  14 swamp worms
  2 acid dragons
  8 wargs
  A hydra simulacrum (IceCv)
  2 hell hounds (D:15)
  11 water moccasins
  34 orc warriors
  A glowing shapeshifter skeleton (Vaults:2)
  8 swamp drakes
  An ettin simulacrum (IceCv)
  A boggart (shapeshifter) (D:15)
  9 ogres
  10 boggarts
  7 centaurs
  7 wolves
  2 phantoms
  A bullfrog (shapeshifter) (Vaults:5)
  7 kobold brigands
  10 bullfrogs
  4 earth elementals
  2 scorpions
  18 small abominations
  A gnoll sergeant (D:6)
  5 wights
  15 killer bees
  A lindwurm simulacrum (IceCv)
  2 electric eels (D:15)
  17 howler monkeys
  2 crimson imps
  9 hounds
  An iron imp (Orc:2)
  41 orc priests
  3 gnoll boudas
  Terence (D:2)
  3 hell rats (D:15)
  4 iguanas
  49 orc wizards
  2 human simulacra (D:13)
  Robin (D:2)
  2 gnolls (shapeshifter)
  11 gnolls
  8 adders
  A shadow imp (Orc:2)
  4 white imps
  2 worms (D:3)
  112 orcs
  An orc (shapeshifter) (Vaults:5)
  4 ball pythons
  6 endoplasms
  6 giant cockroaches
  2 giant cockroaches (shapeshifter) (Vaults:5)
  A goblin (shapeshifter) (Vaults:5)
  9 hobgoblins
  4 jackals
  2 quokkas
  3 bats
  2 frilled lizards (D:1)
  31 goblins
  30 kobolds
  A rat (shapeshifter) (Vaults:5)
  6 rats
2188 creatures vanquished.

Vanquished Creatures (others)
  A vampire knight (Vaults:2)
  A deep elf zephyrmancer (Elf:1)
  A smoke demon (Depths:2)
  A hornet (Swamp:2)
  A bloated husk (Swamp:1)
  A spriggan (Swamp:2)
  A white imp (Orc:2)
  4 orcs (Orc:2)
  44 foxfires
55 creatures vanquished.

Grand Total: 2243 creatures vanquished

Notes
Turn   | Place    | Note
-------+----------+-------------------------------------------
     0 | D:1      | grothendieck the Minotaur Cinder Acolyte began the quest
                  | for the Orb.
     0 | D:1      | Reached XP level 1. HP: 19/19 MP: 1/1
   401 | D:1      | Reached XP level 2. HP: 27/27 MP: 2/2
   475 | D:1      | Reached skill level 1 in Armour
   491 | D:1      | Found Math's Assorted Antiques.
  1048 | D:1      | Bought a sapphire potion for 20 gold pieces
  1166 | D:2      | Reached skill level 4 in Fighting
  1166 | D:2      | Reached XP level 3. HP: 33/33 MP: 3/3
  1279 | D:2      | Noticed Terence
  1374 | D:2      | Found a glowing golden altar of the Shining One.
  2419 | D:3      | Reached XP level 4. HP: 34/40 MP: 4/4
  2474 | D:3      | Reached skill level 5 in Axes
  2671 | D:2      | Noticed Robin
  2935 | D:3      | Reached XP level 5. HP: 47/47 MP: 5/5
  3121 | D:3      | Found an ancient bone altar of Kikubaaqudgha.
  3121 | D:3      | Found a shimmering altar of Xom.
  3121 | D:3      | Found a shadowy altar of Dithmenos.
  3121 | D:3      | Found a hide-covered altar of Uskayaw.
  3127 | D:3      | Found a sacrificial altar of Ru.
  3127 | D:3      | Found a broken altar of Ashenzari.
  3351 | D:4      | Found an opulent altar of Gozag.
  3619 | D:4      | Identified a scroll of acquirement
  3620 | D:4      | Acquired the +0 hat of Gravity {Str+4}
  4109 | D:4      | Found a runed translucent door.
  4109 | D:4      | Noticed hitsuchi's ghost (amateur TeAE)
  4357 | D:5      | Entered Level 5 of the Dungeon
  4372 | D:4      | Reached skill level 5 in Fighting
  4496 | D:5      | Noticed a centaur
  4509 | D:5      | Killed a centaur
  4510 | D:5      | Reached skill level 1 in Shields
  4510 | D:5      | Reached XP level 6. HP: 30/56 MP: 6/6
  4622 | D:5      | Found a runed translucent gate.
  4622 | D:5      | Found a runed translucent gate.
  4623 | D:5      | Found a runed translucent gate.
  4624 | D:5      | Noticed MainBain's ghost (novice HuIE)
  4624 | D:5      | Noticed temitten's ghost (amateur MfSh)
  4624 | D:5      | Noticed Descartes's ghost (novice FeSh)
  5087 | D:6      | Noticed an orc warrior
  5096 | D:5      | Killed an orc warrior
  5097 | D:5      | Reached XP level 7. HP: 25/61 MP: 7/7
  5290 | D:6      | Found an ornate altar of the Wu Jian Council.
  5290 | D:6      | Noticed Grinder
  5609 | D:6      | Noticed a two-headed ogre
  5730 | D:2      | Killed Terence
  5869 | D:2      | Reached skill level 6 in Fighting
  6431 | D:6      | Killed Grinder
  6660 | D:7      | Reached skill level 5 in Armour
  6660 | D:7      | Reached XP level 8. HP: 66/71 MP: 8/8
  6784 | D:7      | Found Perr's Distillery.
  6792 | D:7      | Bought a potion of curing for 45 gold pieces
  7428 | D:6      | Reached skill level 7 in Fighting
  7557 | D:6      | Reached skill level 5 in Shields
  7611 | D:6      | Reached XP level 9. HP: 78/79 MP: 9/9
  7632 | D:6      | Reached skill level 10 in Axes
  8211 | D:6      | Found a staircase to the Ecumenical Temple.
  8220 | Temple   | Entered the Ecumenical Temple
  8325 | D:7      | Reached skill level 8 in Fighting
  8738 | D:7      | Killed an unseen horror
  9465 | D:7      | Found a shimmering blue altar of Sif Muna.
  9465 | D:7      | Found a glowing silver altar of Zin.
  9817 | D:8      | Found a flagged portal.
  9834 | Bailey   | Entered a bailey
  9861 | Bailey   | Noticed an orc warlord
  9935 | Bailey   | Noticed an orc knight
  9966 | Bailey   | Killed an orc knight
  9967 | Bailey   | Reached XP level 10. HP: 33/90 MP: 10/10
 10157 | Bailey   | Found a runed translucent gate.
 10173 | Bailey   | Found a runed translucent gate.
 10175 | Bailey   | Found a runed translucent gate.
 10323 | Bailey   | Acquired a +1 broad axe of electrocution
 10459 | Bailey   | Killed an orc warlord
 10460 | Bailey   | Reached skill level 9 in Fighting
 10707 | D:8      | Acquired a manual of Armour
 11363 | D:2      | Killed Robin
 12122 | D:8      | Noticed a two-headed ogre
 13544 | D:9      | Noticed a two-headed ogre
 13553 | D:9      | Killed a two-headed ogre
 13628 | D:9      | Noticed a rust devil
 13751 | D:6      | Killed a two-headed ogre
 13752 | D:6      | Reached skill level 10 in Fighting
 13752 | D:6      | Reached skill level 10 in Armour
 13752 | D:6      | Reached XP level 11. HP: 71/99 MP: 11/11
 14786 | D:6      | Killed MainBain's ghost
 14806 | D:6      | Killed temitten's ghost
 14822 | D:5      | Killed Descartes's ghost
 15030 | D:4      | Killed hitsuchi's ghost
 15219 | D:7      | Bought a potion of haste for 150 gold pieces
 15219 | D:7      | Bought a potion of berserk rage for 75 gold pieces
 15219 | D:7      | Bought a potion of attraction for 45 gold pieces
 15482 | D:9      | Found a runed translucent gate.
 15483 | D:9      | Found a runed translucent gate.
 15484 | D:9      | Found a runed translucent gate.
 15493 | D:9      | Noticed kskgo's ghost (journeyman DjFE)
 15756 | D:10     | Entered Level 10 of the Dungeon
 16167 | D:9      | Reached skill level 1 in Throwing
 16617 | D:10     | Found a staircase to the Orcish Mines.
 16632 | D:10     | Noticed a two-headed ogre
 16963 | D:10     | Noticed a two-headed ogre
 16975 | D:10     | Killed a two-headed ogre
 17192 | D:9      | Reached skill level 11 in Fighting
 17434 | D:8      | Found a runed translucent gate.
 17435 | D:8      | Found a runed translucent gate.
 17435 | D:8      | Found a runed translucent gate.
 17437 | D:8      | Noticed kskgo's ghost (journeyman DjFE)
 17607 | D:8      | Killed a two-headed ogre
 17764 | D:10     | Killed a two-headed ogre
 17765 | D:10     | Reached skill level 15 in Axes
 17907 | D:11     | Found a staircase to the Lair.
 17923 | D:11     | Noticed a two-headed ogre
 17935 | D:11     | Reached XP level 12. HP: 104/110 MP: 12/12
 18320 | D:11     | Reached skill level 10 in Shields
 18642 | D:11     | Killed a two-headed ogre
 18857 | D:11     | Found a runed translucent gate.
 18857 | D:11     | Found a runed translucent gate.
 18857 | D:11     | Found a runed translucent gate.
 18859 | D:11     | Found an opulent altar of Gozag.
 18861 | D:11     | Noticed kskgo's ghost (journeyman DjFE)
 18861 | D:11     | Noticed a stone giant
 19819 | Lair:1   | Entered Level 1 of the Lair of Beasts
 20022 | Lair:1   | Noticed a death yak
 20089 | D:11     | Killed a death yak
 20604 | Lair:1   | Noticed a death yak
 20607 | Lair:1   | Noticed a death yak
 20671 | D:11     | Killed a death yak
 20682 | Lair:1   | Killed a death yak
 20683 | Lair:1   | Reached skill level 12 in Fighting
 21107 | Lair:1   | Upgraded the game from 0.31-a0-1084-gb392501acf to
                  | 0.31-a0-1093-gadecf4124d
 21216 | Lair:2   | Reached skill level 5 in Throwing
 21774 | Lair:2   | Reached XP level 13. HP: 94/118 MP: 13/13
 22088 | Lair:2   | Noticed Maggie
 22096 | Lair:2   | Killed Maggie
 22597 | Lair:3   | Reached skill level 1 in Evocations
 22915 | Lair:3   | Found the +4 skin of Zhor {*Englaciate rC+++ SInv}
 23380 | Lair:3   | Found a staircase to the Swamp.
 23483 | Lair:3   | Found a staircase to the Snake Pit.
 23831 | Lair:3   | Reached skill level 15 in Armour
 24174 | Lair:4   | Reached skill level 13 in Fighting
 24546 | Lair:4   | Found a viscous altar of Jiyva.
 24549 | Lair:4   | Found a staircase to the Slime Pits.
 25237 | Lair:5   | Entered Level 5 of the Lair of Beasts
 25515 | Lair:5   | Noticed Josephine
 25554 | Lair:4   | Killed Josephine
 25851 | Lair:5   | Reached XP level 14. HP: 126/129 MP: 14/14
 26918 | Lair:2   | Identified the +0 chain mail of Least Resistance {rPois}
 26920 | Lair:2   | Identified the +8 eveningstar of the Tiger {vamp, rN++
                  | Will+++ Str+3}
 27059 | Orc:1    | Entered Level 1 of the Orcish Mines
 27076 | D:10     | Reached skill level 1 in Maces & Flails
 27481 | Orc:1    | Found Cyjal's Antique Weapon Shop.
 27923 | Orc:2    | Entered Level 2 of the Orcish Mines
 28587 | Orc:2    | Identified the -1 hat "Dushod" {Will- Str+6}
 29188 | Orc:2    | Reached skill level 14 in Fighting
 29262 | Orc:2    | Reached skill level 5 in Maces & Flails
 29262 | Orc:2    | Reached skill level 5 in Evocations
 29534 | Orc:2    | Found a staircase to the Elven Halls.
 29765 | Orc:2    | Found Osis's Antique Weapon Shop.
 29765 | Orc:2    | Found Dechoirgh's Jewellery Boutique.
 29765 | Orc:2    | Found Kezywall's Armour Boutique.
 29768 | Orc:2    | Found Plog's Weapon Shop.
 32504 | D:13     | Reached XP level 15. HP: 126/139 MP: 15/15
 33157 | D:15     | Entered Level 15 of the Dungeon
 35121 | D:15     | Found a staircase to the Depths.
 35322 | D:14     | Found a gate to the Vaults.
 35455 | D:12     | Reached skill level 15 in Fighting
 35638 | D:8      | Killed kskgo's ghost
 35792 | D:8      | Found the +18 shield of the Gong {Loud rN+ Will+ rCorr
                  | EV-5}
 35991 | D:8      | Found Zorchumimib's General Store.
 35996 | D:8      | Bought a scroll of teleportation for 36 gold pieces
 36106 | D:9      | Killed kskgo's ghost
 36341 | D:11     | Killed kskgo's ghost
 36373 | D:11     | Reached skill level 10 in Maces & Flails
 37212 | Lair:5   | Found a corrupted altar of Lugonu.
 37212 | Lair:5   | Found a one-way gate to the infinite horrors of the Abyss.
 37500 | Snake:1  | Entered Level 1 of the Snake Pit
 37795 | Snake:1  | Reached XP level 16. HP: 135/149 MP: 16/16
 37805 | Snake:1  | Found a frozen archway.
 37936 | IceCv    | Entered an ice cave
 38087 | IceCv    | Found a transporter.
 38096 | IceCv    | Found a transporter.
 39857 | Snake:2  | Reached skill level 15 in Shields
 39974 | Snake:2  | Reached skill level 16 in Fighting
 40125 | Snake:2  | Reached skill level 1 in Dodging
 40901 | Snake:3  | Noticed Bai Suzhen
 41102 | Snake:4  | Entered Level 4 of the Snake Pit
 41854 | Snake:3  | Killed Bai Suzhen
 43270 | Snake:4  | Reached skill level 5 in Dodging
 43278 | Snake:4  | Reached XP level 17. HP: 155/160 MP: 17/17
 43291 | Snake:4  | Identified the +4 short sword "Ogreslayer" {drain, *Noise
                  | Int+3 Dex+4}
 43776 | Snake:4  | Reached skill level 17 in Fighting
 45005 | Snake:4  | Got a serpentine rune of Zot
 45356 | Swamp:1  | Entered Level 1 of the Swamp
 45640 | Swamp:1  | Found a blossoming altar of Fedhas.
 45744 | Swamp:1  | Reached skill level 10 in Evocations
 46047 | Swamp:1  | Identified the +5 longbow of the Dead {flame, Str+3}
 46680 | Swamp:2  | Noticed Frances
 46765 | Swamp:1  | Killed Frances
 47132 | Swamp:2  | Noticed Jorgrun
 47173 | Swamp:2  | Killed Jorgrun
 47205 | Swamp:2  | Noticed Roxanne
 48076 | Swamp:3  | Reached skill level 18 in Fighting
 48103 | Swamp:3  | Identified the +2 pair of gloves of Insatiable Hunger
                  | {Contam rElec SInv}
 48103 | Swamp:3  | Noticed Nikola
 48159 | Swamp:2  | Upgraded the game from 0.31-a0-1093-gadecf4124d to
                  | 0.31-a0-1098-g6898e6545c
 48373 | Vaults:1 | Entered Level 1 of the Vaults
 48679 | Vaults:1 | Reached XP level 18. HP: 170/172 MP: 18/18
 49107 | Vaults:1 | Found a portal to a secret trove of treasure.
 49804 | Vaults:1 | Found a runed translucent door.
 51195 | Vaults:2 | Reached skill level 10 in Dodging
 51307 | Vaults:2 | Reached skill level 19 in Fighting
 51688 | Vaults:2 | Found a staircase to the Crypt.
 53017 | Vaults:2 | Reached XP level 19. HP: 183/183 MP: 19/19
 54009 | Vaults:3 | Found Plog's Magic Scroll Emporium.
 54014 | Vaults:3 | Bought a scroll of blinking for 157 gold pieces
 54020 | Vaults:3 | Bought a scroll of teleportation for 63 gold pieces
 54023 | Vaults:3 | Bought a scroll of acquirement for 1092 gold pieces
 54024 | Vaults:3 | Acquired a manual of Evocations
 54035 | Vaults:3 | Bought a scroll of enchant armour for 157 gold pieces
 54609 | Vaults:3 | Reached skill level 20 in Fighting
 55443 | Vaults:4 | Found a flickering gateway to a bazaar.
 55472 | Bazaar   | Entered a bazaar
 55504 | Bazaar   | Found Itot's Magic Scroll Shoppe.
 55505 | Bazaar   | Found Ywkaurr's Antique Weapon Shoppe.
 55548 | Bazaar   | Found Jim Les's Book Emporium.
 55548 | Bazaar   | Found Quokaad's General Store.
 55591 | Bazaar   | Bought a scroll of blinking for 90 gold pieces
 55591 | Bazaar   | Bought a scroll of teleportation for 36 gold pieces
 55591 | Bazaar   | Bought a scroll of fog for 48 gold pieces
 55591 | Bazaar   | Bought a scroll of fear for 48 gold pieces
 55591 | Bazaar   | Bought a scroll of teleportation for 36 gold pieces
 55591 | Bazaar   | Bought a scroll of enchant armour for 90 gold pieces
 55591 | Bazaar   | Bought a scroll of enchant armour for 90 gold pieces
 58624 | Elf:1    | Entered Level 1 of the Elven Halls
 59258 | Elf:1    | Noticed Zenata
 59522 | Elf:2    | Paralysed by an air elemental for 1 turns
 59534 | Elf:2    | Identified the +1 quarterstaff of Anuefosh {heavy, rC+
                  | Int+3}
 59549 | Elf:2    | Found a crumbling gateway.
 59556 | Elf:2    | Got the Discourse on Relocation
 59559 | Elf:2    | Learned a level 1 spell: Apportation
 59754 | Elf:2    | Found Laenniac's Armour Shop.
 59825 | Elf:1    | Paralysed by an air elemental for 1 turns
 59861 | Elf:1    | Paralysed by an air elemental for 1 turns
 59865 | Elf:1    | Paralysed by an air elemental for 1 turns
 59875 | Elf:1    | Reached XP level 20. HP: 192/195 MP: 20/20
 59927 | Elf:1    | Found a radiant altar of Vehumet.
 60345 | Elf:3    | Entered Level 3 of the Elven Halls
 60448 | Elf:3    | Found Elui's Assorted Antiques.
 60452 | Elf:3    | Bought a scroll of teleportation for 90 gold pieces
 60702 | Elf:3    | Paralysed by an air elemental for 1 turns
 61226 | Elf:3    | Upgraded the game from 0.31-a0-1098-g6898e6545c to
                  | 0.31-a0-1099-g7fa767f3fe
 61598 | Elf:2    | Paralysed by an air elemental for 1 turns
 61607 | Elf:2    | Noticed Louise
 61634 | Elf:2    | Killed Louise
 61793 | Elf:2    | Reached skill level 21 in Fighting
 61921 | Elf:2    | Identified the +1 helmet of Vulatimp {SInv}
 61988 | Elf:2    | Found a runed translucent gate.
 61988 | Elf:2    | Found a runed translucent gate.
 61989 | Elf:2    | Found a runed translucent gate.
 62839 | Elf:3    | Paralysed by an air elemental for 1 turns
 63450 | Elf:3    | Identified the +5 morningstar "Askutepe" {pain, rCorr Str+4
                  | Int+3 Stlth+}
 63450 | Elf:3    | Identified the +3 leather armour of Furepy {Rampage rC+}
 63450 | Elf:3    | Identified the ring "Refed" {rN+ MP+9 Stlth+}
 63632 | Elf:3    | Identified the ring of Nynn {Str+3 SInv}
 63909 | Elf:3    | Identified the +5 long sword "Wiepih" {freeze, rElec rC-
                  | MP+9}
 64179 | Elf:3    | Got the Octavo of the Sneaky Planets
 64310 | Elf:3    | Identified the +7 arbalest "Tormentor" {drain, Int+4}
 64311 | Elf:3    | Identified the scarf of Peek-a-Boo {repulsion, Harm Slay+3}
 64340 | Elf:3    | Identified the staff "Xaereab" {rF+ rN+ Str+2 Int+4 Dex-5
                  | Necro}
 64347 | Elf:3    | Identified the +7 falchion of Vinosur {holy, *Slow Dex+4
                  | SInv}
 64349 | Elf:3    | Identified the +5 whip of Incongruity {vamp, rC- Str+5}
 64353 | Elf:3    | Identified the +0 ring mail of Grace {Str+6 Int-4 Dex+3}
 64814 | Swamp:3  | Killed Nikola
 64815 | Swamp:3  | Reached skill level 15 in Evocations
 65189 | Swamp:3  | Identified the +5 orcbow of Spores {antimagic, Dex+3}
 65237 | Swamp:4  | Entered Level 4 of the Swamp
 65424 | Swamp:4  | Reached XP level 21. HP: 194/205 MP: 21/21
 66097 | Swamp:4  | Reached skill level 10 in Throwing
 66398 | Swamp:4  | Got a decaying rune of Zot
 66672 | Swamp:2  | Killed Roxanne
 66978 | Depths:1 | Entered Level 1 of the Depths
 67090 | Depths:1 | Found a one-way gateway to a ziggurat.
 67266 | Depths:1 | Reached skill level 22 in Fighting
 67272 | Depths:1 | Noticed Norris
 67287 | Depths:1 | Killed Norris
 67386 | Depths:1 | Found a gateway to Hell.
 68262 | Depths:2 | Found a one-way gate leading to the halls of Pandemonium.
 69046 | Depths:2 | Found Gileuqux's Antique Armour Emporium.
 69273 | Depths:2 | Found Jyshrykh's Antique Armour Emporium.
 69355 | Depths:2 | Bought a faintly humming plate armour for 980 gold pieces
 69355 | Depths:2 | Identified the +0 plate armour of Valour {rElec Will++}
                  | (You bought it in a shop on level 2 of the Depths)
 69477 | Depths:2 | Found Guxez's Weapon Emporium.
 69521 | Depths:2 | Found a sacrificial altar of Ru.
 70174 | Depths:3 | You are sucked into a shaft and drop 1 floor!
 70174 | Depths:4 | Entered Level 4 of the Depths
 70535 | Depths:3 | Found Wawkae's Book Shoppe.
 70785 | Depths:3 | Reached XP level 22. HP: 217/217 MP: 22/22
 71070 | Depths:3 | Reached skill level 23 in Fighting
 71370 | Depths:4 | Found Fussek's Magic Scroll Boutique.
 71888 | Depths:4 | Found Zaniedew's Armour Shop.
 71892 | Depths:4 | Found Bomung's Book Emporium.
 71944 | Depths:4 | Noticed a juggernaut
 71955 | Depths:4 | Killed a juggernaut
 72119 | Depths:4 | Found a gate to the Realm of Zot.
 72178 | Depths:4 | Noticed a golden dragon
 72198 | Depths:4 | Killed a golden dragon
 72443 | Depths:4 | Found Cerurhuh's Weapon Shop.
 72583 | Depths:4 | Found Sashriute's Jewellery Shop.
 72853 | Depths:4 | Bought a scroll of fog for 80 gold pieces
 72853 | Depths:4 | Bought a scroll of teleportation for 60 gold pieces
 72987 | Depths:4 | Bought a +0 tower shield of fire resistance for 138 gold
                  | pieces
 73781 | Vaults:5 | Entered Level 5 of the Vaults
 73822 | Vaults:5 | Paralysed by a sphinx for 4 turns
 73898 | Vaults:5 | Noticed a golden dragon
 73917 | Vaults:5 | Reached skill level 15 in Dodging
 73935 | Vaults:5 | Reached skill level 24 in Fighting
 73948 | Vaults:5 | Killed a golden dragon
 74015 | Vaults:5 | Noticed a golden dragon
 74033 | Vaults:5 | Killed a golden dragon
 74123 | Vaults:5 | Noticed a golden dragon
 74136 | Vaults:5 | Killed a golden dragon
 74359 | Vaults:5 | Reached XP level 23. HP: 231/231 MP: 23/23
 74400 | Vaults:5 | Got a silver rune of Zot
 74724 | Vaults:5 | Identified the ring "Qudaefoy" {rF++ rN+ AC+4}
 74942 | Vaults:5 | Identified the ring "Acvani" {rElec rC+ Will+ Str+6}
 75061 | Vaults:5 | Noticed an ancient lich
 75072 | Vaults:5 | Killed an ancient lich
 75129 | Vaults:5 | Identified the +2 leather armour of the Lion {-Tele rPois
                  | rCorr}
 75133 | Vaults:5 | Identified the +2 plate armour of Restlessness {rPois}
 75422 | Vaults:5 | Reached skill level 25 in Fighting
 75443 | Vaults:5 | Identified the +2 robe "Leafro" {Harm Regen+}
 76012 | Vaults:5 | Identified the +5 rapier "Datz" {freeze, rN+ Dex+4}
 76682 | Depths:2 | Bought an embroidered scarf for 280 gold pieces
 77013 | Elf:3    | Bought a potion of haste for 300 gold pieces
 77530 | Orc:2    | Killed Zenata
 77665 | Elf:1    | Learned a level 2 spell: Lesser Beckoning
 77948 | Vaults:1 | You paid a toll of 7 potions of haste to enter a treasure
                  | trove
 77949 | Trove    | Entered a treasure trove
 77952 | Trove    | Found the +3 warlock's mirror {omnireflect}
 77953 | Trove    | Identified the +11 chain mail of the Mackerel {Str+6}
 77955 | Trove    | Identified the -1 pair of boots of the Distant Future
                  | {-Tele rPois Regen+}
 77956 | Trove    | Identified the +5 kite shield of Charmed Awe {rElec rC-
                  | Int+6 SInv}
 77957 | Trove    | Identified the +1 pair of boots of Oblivion {Dex+3}
 77958 | Trove    | Identified the +4 tower shield of the Equator {rElec SInv}
 77962 | Trove    | Identified the +0 cloak of Jil Yfy {Str-5 Int+7}
 77965 | Trove    | Identified the +5 kite shield of the Endless Seas {Dex+3}
 77966 | Trove    | Identified the +4 chain mail of the Northern Lights {rN+
                  | Will+}
 78204 | Lair:1   | Learned a level 2 spell: Passwall
 78208 | Lair:1   | Learned a level 3 spell: Swiftness
 78422 | Zot:1    | Entered Level 1 of the Realm of Zot
 78440 | Zot:1    | Noticed a Killer Klown
 78474 | Zot:1    | Noticed Grunn
 78517 | Depths:4 | Killed Grunn
 78554 | Zot:1    | Reached skill level 1 in Air Magic
 79071 | Zot:1    | Killed a Killer Klown
 79573 | Zot:1    | Noticed a Killer Klown
 79600 | Zot:1    | Killed a Killer Klown
 80532 | Zot:1    | Reached XP level 24. HP: 243/243 MP: 23/23
 81340 | Zot:2    | Reached skill level 5 in Air Magic
 83235 | Depths:4 | Bought a scroll of enchant armour for 150 gold pieces
 83235 | Depths:4 | Bought a scroll of enchant armour for 150 gold pieces
 83235 | Depths:4 | Bought 2 scrolls of enchant armour for 300 gold pieces
 83416 | Lair:1   | Acquired 762 gold pieces
 84695 | Zot:2    | Reached skill level 1 in Translocations
 84860 | Zot:2    | Reached skill level 26 in Fighting
 87530 | Zot:4    | Identified the +8 whip of the Volcano {drain, Drain Str+3
                  | Int+4}
 87681 | Zot:4    | Found a transporter.
 87696 | Zot:4    | Noticed Uqizxu's ghost (master OgFi)
 87718 | Zot:4    | Noticed a shard shrike
 87752 | Zot:4    | Found a transporter.
 87921 | Zot:5    | Entered Level 5 of the Realm of Zot
 87972 | Zot:4    | Reached XP level 25. HP: 253/253 MP: 23/23
 89051 | Zot:5    | Reached skill level 5 in Translocations
 89379 | Zot:5    | Noticed a Killer Klown
 89392 | Zot:5    | Killed a Killer Klown
 89528 | Zot:5    | Noticed an orb of fire
 89530 | Zot:5    | Gained mutation: You sometimes lose your temper in combat.
                  | [an orb of fire]
 89551 | Zot:5    | Gained mutation: You occasionally shout uncontrollably at
                  | your foes. [an orb of fire]
 89847 | Lair:1   | Lost mutation: You sometimes lose your temper in combat.
                  | [potion of mutation]
 89847 | Lair:1   | Lost mutation: You occasionally shout uncontrollably at
                  | your foes. [potion of mutation]
 89847 | Lair:1   | Gained mutation: You are strong-willed. (Will+) [potion of
                  | mutation]
 89847 | Lair:1   | Gained mutation: You are agile. (Dex +4, Str/Int -1)
                  | [potion of mutation]
 90200 | Zot:5    | Noticed an orb of fire
 90200 | Zot:5    | Noticed an orb of fire
 90200 | Zot:5    | Noticed an orb of fire
 90212 | Zot:4    | Lost mutation: You are agile. (Dex +4, Str/Int -1) [an orb
                  | of fire]
 90213 | Zot:4    | Gained mutation: You occasionally lose the ability to drink
                  | potions when taking damage. [an orb of fire]
 90215 | Zot:4    | Gained mutation: Your magical capacity is low. (-10% MP)
                  | [an orb of fire]
 90216 | Zot:4    | Killed an orb of fire
 90265 | Zot:4    | Gained mutation: Armour fits poorly on your strangely
                  | shaped body. [an orb of fire]
 90267 | Zot:4    | Gained mutation: Your spells are a little easier to cast,
                  | but a little less powerful. [an orb of fire]
 90270 | Zot:4    | Gained mutation: You are frail. (-10% HP) [an orb of fire]
 90277 | Zot:4    | Killed an orb of fire
 90300 | Zot:4    | Killed an orb of fire
 90349 | Zot:5    | Noticed a Killer Klown
 90351 | Zot:5    | Noticed a Killer Klown
 90373 | Zot:4    | Killed an orb of fire
 90458 | Zot:5    | Noticed an orb of fire
 90467 | Zot:5    | Noticed a Killer Klown
 90471 | Zot:4    | Gained mutation: You are very frail. (-20% HP) [an orb of
                  | fire]
 90481 | Zot:4    | Killed an orb of fire
 90872 | Zot:4    | a Killer Klown changed into a fire giant
 90989 | Zot:4    | Killed a Killer Klown
 91095 | Zot:4    | Killed a Killer Klown
 91169 | Zot:5    | Noticed a dread lich
 91198 | Zot:5    | Killed a dread lich
 91201 | Zot:5    | Noticed an orb of fire
 91202 | Zot:5    | Noticed an orb of fire
 91206 | Zot:5    | Gained mutation: Your mind is acute. (Int +4, Str/Dex -1)
                  | [an orb of fire]
 91212 | Zot:4    | Gained mutation: You are weak. (Str -2) [an orb of fire]
 91213 | Zot:4    | Gained mutation: You are clumsy. (Dex -2) [an orb of fire]
 91236 | Zot:4    | Killed an orb of fire
 91401 | Zot:5    | Gained mutation: You sometimes lose your temper in combat.
                  | [an orb of fire]
 91428 | Zot:5    | Gained mutation: You occasionally shout uncontrollably at
                  | your foes. [an orb of fire]
 91429 | Zot:5    | Gained mutation: You are extremely frail. (-30% HP) [an orb
                  | of fire]
 91433 | Zot:5    | Noticed an orb of fire
 91435 | Zot:5    | Gained mutation: You sometimes lose the ability to drink
                  | potions when taking damage. [an orb of fire]
 91436 | Zot:5    | Killed an orb of fire
 91448 | Zot:5    | Killed an orb of fire
 91611 | Zot:4    | Lost mutation: Armour fits poorly on your strangely shaped
                  | body. [potion of mutation]
 91611 | Zot:4    | Lost mutation: Your magical capacity is low. (-10% MP)
                  | [potion of mutation]
 91611 | Zot:4    | Gained mutation: You passively map a small area around you.
                  | [potion of mutation]
 91612 | Zot:4    | Lost mutation: You occasionally shout uncontrollably at
                  | your foes. [potion of mutation]
 91612 | Zot:4    | Lost mutation: You are clumsy. (Dex -2) [potion of
                  | mutation]
 91612 | Zot:4    | Lost mutation: You sometimes lose your temper in combat.
                  | [potion of mutation]
 91613 | Zot:4    | Lost mutation: You passively map a small area around you.
                  | [potion of mutation]
 91613 | Zot:4    | Lost mutation: You are extremely frail. (-30% HP) [potion
                  | of mutation]
 91613 | Zot:4    | Gained mutation: You are partially covered in large bone
                  | plates. (SH +4) [potion of mutation]
 91613 | Zot:4    | Gained mutation: You have a pair of large horns on your
                  | head. [potion of mutation]
 91671 | Zot:5    | Noticed an orb of fire
 91674 | Zot:5    | Lost mutation: Your mind is acute. (Int +4, Str/Dex -1) [an
                  | orb of fire]
 91676 | Zot:5    | Gained mutation: You are dopey. (Int -2) [an orb of fire]
 91676 | Zot:5    | Gained mutation: You occasionally lose the ability to read
                  | scrolls when taking damage. [an orb of fire]
 91683 | Zot:4    | Lost mutation: You have a pair of large horns on your head.
                  | [potion of mutation]
 91683 | Zot:4    | Lost mutation: You are weak. (Str -2) [potion of mutation]
 91683 | Zot:4    | Lost mutation: You are very frail. (-20% HP) [potion of
                  | mutation]
 91683 | Zot:4    | Gained mutation: You are mostly covered in large bone
                  | plates. (SH +6) [potion of mutation]
 91752 | Zot:5    | Gained mutation: You sometimes lose the ability to read
                  | scrolls when taking damage. [an orb of fire]
 91753 | Zot:5    | Killed an orb of fire
 91757 | Zot:4    | Lost mutation: You are dopey. (Int -2) [potion of mutation]
 91757 | Zot:4    | Lost mutation: You are mostly covered in large bone plates.
                  | (SH +6) [potion of mutation]
 91757 | Zot:4    | Gained mutation: You have an increased reservoir of magic.
                  | (+10% MP) [potion of mutation]
 91757 | Zot:4    | Gained mutation: You are weak. (Str -2) [potion of
                  | mutation]
 91757 | Zot:4    | Gained mutation: You expend magic power (3 MP) to
                  | strengthen your wands. [potion of mutation]
 91758 | Zot:4    | Lost mutation: You are frail. (-10% HP) [potion of
                  | mutation]
 91758 | Zot:4    | Lost mutation: You are strong-willed. (Will+) [potion of
                  | mutation]
 91758 | Zot:4    | Lost mutation: You have an increased reservoir of magic.
                  | (+10% MP) [potion of mutation]
 91758 | Zot:4    | Gained mutation: You are clumsy. (Dex -2) [potion of
                  | mutation]
 91758 | Zot:4    | Gained mutation: You occasionally shout uncontrollably at
                  | your foes. [potion of mutation]
 91758 | Zot:4    | Lost mutation: You are weak. (Str -2) [potion of mutation]
 91857 | Zot:4    | Lost mutation: You sometimes lose the ability to drink
                  | potions when taking damage. [potion of mutation]
 91857 | Zot:4    | Lost mutation: You occasionally lose the ability to drink
                  | potions when taking damage. [potion of mutation]
 91857 | Zot:4    | Lost mutation: You expend magic power (3 MP) to strengthen
                  | your wands. [potion of mutation]
 91857 | Zot:4    | Gained mutation: You are strong-willed. (Will+) [potion of
                  | mutation]
 91857 | Zot:4    | Gained mutation: Your mind is acute. (Int +4, Str/Dex -1)
                  | [potion of mutation]
 91857 | Zot:4    | Gained mutation: You are partially covered in iridescent
                  | scales. (AC +2) [potion of mutation]
 92050 | Zot:5    | Noticed an orb of fire
 92073 | Zot:4    | Gained mutation: You sometimes lose your temper in combat.
                  | [an orb of fire]
 92075 | Zot:4    | Gained mutation: You do not regenerate when monsters are
                  | visible. [an orb of fire]
 92090 | Zot:4    | Gained mutation: Your body sometimes deteriorates upon
                  | taking damage. [an orb of fire]
 92094 | Zot:4    | Killed an orb of fire
 92335 | Zot:5    | Identified the ring of Foneehai {rF+ Str+3}
 92894 | Zot:5    | Identified the +1 ring mail of Gyskesit {Harm Regen+}
 92895 | Zot:5    | Lost mutation: You sometimes lose the ability to read
                  | scrolls when taking damage. [potion of mutation]
 92895 | Zot:5    | Lost mutation: Your body sometimes deteriorates upon taking
                  | damage. [potion of mutation]
 92895 | Zot:5    | Lost mutation: You do not regenerate when monsters are
                  | visible. [potion of mutation]
 92895 | Zot:5    | Gained mutation: You occasionally lose the ability to drink
                  | potions when taking damage. [potion of mutation]
 92912 | Zot:5    | Got the Orb of Zot
 92975 | Zot:4    | Noticed Murrilui the pandemonium lord
 93102 | Depths:1 | Noticed Rosat the pandemonium lord
 93231 | D:9      | Noticed Tubaoj the pandemonium lord
 93231 | D:9      | Noticed an ancient lich
 93373 | D:$      | Escaped with the Orb!

Illustrated notes

Levels and vault maps discovered:
D:1:      nzn_arrival_settlement, layout_basic, serial_shops, shop,
          serial_forest, infiniplex_forest_end_2, infiniplex_forest_clump_small,
          infiniplex_forest_end_2, infiniplex_forest_end_3,
          infiniplex_forest_pool, infiniplex_forest_clump_small,
          infiniplex_forest_zigzag_2, infiniplex_forest_join
D:2:      layout_loops_corners, basic_altar, chequers_big_river, uniq_terence,
          uniq_robin
D:3:      layout_loops_ring, minmay_overflow_temple_hex
D:4:      layout_cave_pools, nicolae_gozag_seed_capital,
          hellmonk_ghost_happy_afterlife
D:5:      layout_rooms, gammafunk_ghost_cemetery, grunt_ministairs_6
D:6:      lemuel_castle_with_subvaults [lemuel_castle_interior_carwin_2],
          layout_gridville, mainiacjoe_overflow_concentric_impassable,
          minmay_temple_entry_ruins, roderic_filled_cross, uniq_grinder
D:7:      layout_rooms, gammafunk_temple_overflow_wave, serial_shops,
          shop_fountains, kb_rosetta
D:8:      mumra_celtic_spiral_tile, layout_loops_cross, serial_shops,
          kennysheep_little_box, enter_bailey_3, ebering_ghost_rock_garden,
          hellmonk_guarded_unrand_gong
D:9:      layout_stronghold, gammafunk_ghost_spectres, grunt_ministairs_14,
          nicolae_demonic_statue_gallery
D:10:     layout_stronghold, erik_orc_4
D:11:     layout_irregular_city, lair_entry_dummy, ebering_ghost_gozag,
          einodemon_armed_red_devil_minivault
D:12:     layout_roguey, serial_glass, glass_columns_b, glass_columns_b,
          minivault_19, minivault_16
D:13:     layout_rooms, dk_noncrumbling_4, bh_circular_ruins
D:14:     layout_basic, hellmonk_vaults_keyhole, minivault_27
D:15:     grunt_enter_depths_hoard, layout_basic, ebering_dispersal_statue_hall,
          special_room [special_room_mythical_zoo], minmay_crystal_room
Temple:   nicolae_temple_no_exploring_needed
Lair:1:   layout_cave_pods
Lair:2:   minmay_lair_oklob_chamber, layout_regular_city, uniq_maggie
Lair:3:   layout_regular_city, swamp_mist, minmay_snake_entry_guardpost_small,
          nicolae_quartered_pool_impasse, hellmonk_guarded_unrand_zhor
Lair:4:   layout_small_grid, dpeg_slime_entry_corner
Lair:5:   hellmonk_lair_end_abyssal_woods, layout_layer_cave,
          pdpol_lair_neglected_garden, uniq_josephine
Swamp:1:  layout_basic_swamp, basic_altar, swamp_pool_3,
          nicolae_swamp_tree_isthmus
Swamp:2:  layout_basic_swamp, serial_swamp_ruin, evilmike_swamp_ruin_rubble_2,
          evilmike_swamp_ruin_rubble_1, evilmike_swamp_ruin_house_1,
          uniq_roxanne, uniq_jorgrun, uniq_frances
Swamp:3:  layout_basic_swamp, evilmike_swamp_ruin_house_4, uniq_nikola
Swamp:4:  swamp_alternative, layout_basic_swamp, nicolae_swamp_long_stream
Snake:1:  layout_honeycomb, portal_ice_cave_entry_ice_statue_two
Snake:2:  layout_grid_maze, st_stairs_11
Snake:3:  layout_onion, uniq_bai_suzhen
Snake:4:  minmay_snake_end_coiled, layout_cave_town, serial_bayou_shore_a
Orc:1:    layout_caves, serial_shops, nicolae_shop_stone
Orc:2:    st_orc_mages, layout_diamond_mine, hangedman_minor_magic
Elf:1:    minmay_elf_arrival_summoners, layout_geoelf_octagon, basic_altar,
          hangedman_elf_disciples, uniq_zenata
Elf:2:    elven_hall_of_blades_hangedman_original
          [infiniplex_blade_entry_pillars], layout_geoelf_octagon,
          portal_desolation_entry_garden, serial_shops, shop, uniq_louise
Elf:3:    elf_hall, layout_geoelf_castle, serial_shops, shop, grunt_ministairs_9
Vaults:1: ontoclasm_vaults_idyll, nicolae_vaults_closet_pinwheel_5,
          nicolae_vaults_oozy_zoo, v_misc_18, vaults_standard_mumra_lines,
          hangedman_vaults_pinch, nicolae_vaults_windows_and_doors_thing,
          nicolae_vaults_storage_closets_3, grunt_vaults_focal,
          layout_vaults_omnibox, nicolae_trove_entry_crossroad
Vaults:2: nicolae_vaults_prndl, vaults_mumra_minichess, grunt_vaults_trifunnel,
          v_misc_17, nicolae_vaults_little_squares_3,
          minmay_crypt_entry_simple_sparse, v_misc_30, v_misc_14, v_misc_5,
          nicolae_vaults_border_crossing, nicolae_vaults_gold_heap,
          nicolae_vaults_closet_pinwheel_4, ontoclasm_vaults_claustrophobia,
          layout_vaults_ring
Vaults:3: vaults_mumra_chevron_long, nicolae_vaults_circle_grid_b,
          hangedman_vaults_river_flow, hangedman_vaults_hat,
          nicolae_vaults_double_plus_3, v_pattern_4,
          nicolae_vaults_mini_display_case, nicolae_vaults_apartment_2,
          layout_vaults_big_room, serial_shops, shop
Vaults:4: v_misc_16, nicolae_vaults_disjoint_gnomons, nicolae_vaults_murderbox,
          ontoclasm_vaults_chip, nicolae_vaults_shrinking_rooms_2,
          hangedman_vaults_trim, nicolae_vaults_yaktaur_gun_rack,
          nicolae_vaults_network_square, vaults_room_hallway,
          nicolae_vaults_octothorpe, ontoclasm_vaults_loading_screen,
          nicolae_vaults_trapezoid_lopsided_2, layout_vaults_big_cross,
          serial_shops, freezing_bzr
Vaults:5
Depths:1: layout_gridlike, enter_ziggurat_b, serial_sigils_hangedman_scratch,
          hangedman_coc_ice_floe, abyss_entry, chequers_serial_rivers_micro_e,
          laboratory, uniq_norris
Depths:2: minmay_open_boxes_in_corner, layout_cave_pools, abyss_entry,
          serial_shops, nicolae_shop_rolling_square, nicolae_shop_waterfront,
          nicolae_shop_peninsula, pan_entry, nicolae_ru_the_path_less_chosen,
          lightli_too_deep
Depths:3: minmay_connected_triangles_in_corner, layout_gridville, serial_shops,
          shop, abyss_entry_small_statue_room, grunt_decor_junction, hell_entry,
          infiniplex_staircase_spiral_double
Depths:4: grunt_zot_entry_tricorne, layout_cave_pools, hellmouth_1,
          serial_shops, shop, nicolae_shop_stone, nicolae_book_shop_shelving,
          shop_scrolls, shop, minmay_misc_feat_room
Zot:1:    grunt_zot_stairs_faceoff, layout_onion_interference, uniq_grunn
Zot:2:    layout_gridville
Zot:3:    layout_concentric_octagons, grunt_ministairs_6,
          lemuel_baited_zot_trap, grunt_megastairs_2
Zot:4:    layout_basic, gammafunk_ghost_berserking_beasts, zot_minivault_2
Zot:5:    layout_twisted_circle, grunt_ministairs_9, st_stairs_4

Skill      XL: |  1  2  3  4  5  6  7  8  9 10 11 12 13 14 15 16 17 18 19 20 21 22 23 24 25 |
---------------+----------------------------------------------------------------------------+-----
Axes           | 4 5 6 7 8 9 11 13 15 16 18 | 18.0
Armour         | 1 2 3 4 5 6 7 10 12 14 15 17 18 19 20 22 23 24 25 | 25.0
Fighting       | 4 5 6 7 8 10 11 12 13 14 15 16 18 19 20 21 22 24 25 26 | 26.8
Shields        | 1 2 3 5 7 8 9 11 12 13 14 15 16 17 19 21 22 | 22.9
Throwing       | 2 5 7 9 10 | 10.0
Evocations     | 3 5 7 9 10 11 13 15 16 | 16.0
Maces & Flails | 7 11 | 11.3
Dodging        | 5 8 11 12 13 15 17 18 19 | 19.2
Air Magic      | 4 7 9 |  9.8
Translocations | 4 7 |  7.2
Spellcasting   | |  1.0
Fire Magic     | |  2.1

Action                     |  1- 3 |  4- 6 |  7- 9 | 10-12 | 13-15 | 16-18 | 19-21 | 22-24 | 25-27 || total
---------------------------+-------+-------+-------+-------+-------+-------+-------+-------+-------++-------
  Melee: Hand axe          |   375 |   131 |   127 |       |    56 |       |       |       |       ||   689
         Headbutt          |   121 |    24 |    58 |   120 |   328 |   451 |   520 |   705 |   202 ||  2529
         Punch             |     5 |     2 |       |       |       |       |       |       |       ||     7
         Trident           |       |     9 |   281 |    96 |       |       |       |       |       ||   386
         War axe           |       |       |    18 |       |       |    28 |    78 |       |       ||   124
         Broad axe         |       |       |       |   529 |   565 |    17 |     5 |       |       ||  1116
         Eveningstar       |       |       |       |       |   776 |  1591 |  1730 |  2121 |   697 ||  6915
  Throw: Stone             |       |       |    18 |     1 |       |       |       |       |       ||    19
         Dart              |       |       |     6 |     7 |       |     1 |       |       |       ||    14
         Javelin           |       |       |       |       |     2 |     4 |       |       |       ||     6
   Cast: Apportation       |       |       |       |       |       |       |       |       |     1 ||     1
 Invoke: Foxfire Swarm     |       |       |     2 |       |       |       |       |       |       ||     2
         Fiery Armour      |       |       |       |       |       |     1 |       |       |       ||     1
  Evoke: Wand              |       |       |     1 |       |     5 |     2 |     3 |     2 |     2 ||    15
         Box of beasts     |       |       |       |       |       |     1 |       |       |       ||     1
         Phial of floods   |       |       |       |       |       |       |     1 |       |       ||     1
    Use: Scroll            |       |     7 |     1 |    12 |     8 |    11 |     7 |    24 |     3 ||    73
         Potion            |       |       |       |     1 |       |     1 |       |       |    11 ||    13
   Stab: Petrified         |       |       |       |       |     3 |       |       |       |       ||     3
         Paralysed         |       |       |       |       |       |       |       |     3 |       ||     3
         Invisible         |       |       |       |       |       |       |       |     1 |       ||     1
         Confused          |       |       |       |       |       |       |       |     1 |       ||     1
 Armour: Robe              |     4 |       |       |       |       |       |       |       |       ||     4
         Scale mail        |    48 |   123 |    12 |       |       |       |       |       |       ||   183
         Plate armour      |       |       |   273 |   399 |  1234 |  1044 |   229 |       |       ||  3179
         Storm dragon scal |       |       |       |       |       |       |   750 |   520 |       ||  1270
         Chain mail        |       |       |       |       |       |       |       |   254 |       ||   254
         Gold dragon scale |       |       |       |       |       |       |       |   199 |   319 ||   518
  Dodge: Dodged            |    42 |    67 |    59 |   121 |   365 |   420 |   455 |   521 |    97 ||  2147
         Repelled          |       |       |       |       |       |       |       |    32 |    16 ||    48
  Block: Kite shield       |       |    24 |   133 |   284 |   889 |  1066 |   501 |       |       ||  2897
         Reflection        |       |       |       |       |       |    42 |    87 |    76 |     7 ||   212
         Tower shield      |       |       |       |       |       |       |  1142 |  2446 |   611 ||  4199

Table legend: (Time is in decaauts)
 A = Elapsed time spent in this place.
 B = Non-inter-level travel time spent in this place.
 C = Inter-level travel time spent in this place.
 D = Time resting spent in this place.
 E = Time spent auto-exploring this place.
 F = Levels seen in this place.
 G = Mean time per level.
                   A        B        C        D        E       F      G
               +--------+--------+--------+--------+--------+-----+--------+
         Total |  92351 |  79580 |  12771 |  17917 |  13705 |  52 | 1776.0 |
       Dungeon |  28483 |  23414 |   5069 |   5057 |   5090 |  15 | 1898.9 |
        Temple |      1 |      1 |      0 |      0 |      0 |   1 |    1.0 |
          Lair |   9204 |   7651 |   1553 |   1841 |   1544 |   5 | 1840.8 |
         Swamp |   4633 |   4213 |    420 |    814 |    950 |   4 | 1158.2 |
     Snake Pit |   7152 |   6346 |    806 |   1501 |   1202 |   4 | 1788.0 |
  Orcish Mines |   3399 |   2996 |    403 |    926 |    432 |   2 | 1699.5 |
   Elven Halls |   6714 |   5813 |    901 |    785 |    604 |   3 | 2238.0 |
        Vaults |  11405 |  10029 |   1376 |    942 |   2403 |   5 | 2281.0 |
        Depths |   7288 |   6165 |   1123 |   1616 |    643 |   4 | 1822.0 |
           Zot |  12590 |  11474 |   1116 |   3783 |    689 |   5 | 2518.0 |
        Bazaar |    149 |    149 |      0 |      0 |     93 |   1 |  149.0 |
         Trove |     50 |     50 |      0 |      0 |      0 |   1 |   50.0 |
        Bailey |    866 |    866 |      0 |    375 |     54 |   1 |  866.0 |
      Ice Cave |    409 |    409 |      0 |    274 |      0 |   1 |  409.0 |
               +--------+--------+--------+--------+--------+-----+--------+

Top non-repeatable levels by time:
     D:6: 3478 daAuts
   Zot:2: 3379 daAuts
   Zot:4: 3370 daAuts
   Elf:3: 2953 daAuts
    D:11: 2856 daAuts
Vaults:2: 2766 daAuts
Vaults:1: 2639 daAuts
Depths:4: 2399 daAuts
    D:14: 2361 daAuts
 Snake:4: 2315 daAuts
   Orc:2: 2286 daAuts
     D:2: 2276 daAuts
Vaults:5: 2242 daAuts
  Lair:3: 2172 daAuts
   Zot:1: 2136 daAuts
